[Event "Late-Titled-Tuesday-Blitz-April-02-2024"]
[Site "Chess.com"]
[Date "2024.04.02"]
[Round "7"]
[White "HipsterChess22"]
[Black "simaopdias"]
[Result "0-1"]
[WhiteElo "2185"]
[BlackElo "2315"]
[TimeControl "180+1"]
[EndTime "15:14:51 PDT"]
[Termination "simaopdias won on time"]

1. d4 Nf6 2. Nc3 d5 3. Bf4 c6 4. e3 Bf5 5. Nf3 e6 6. Ne5 Bb4 7. g4 Be4 8. f3 Bg6 9. h4 h5 10.
Nxg6 fxg6 11. g5 Ng8 12. Qd3 Ne7 13. Bh3 Qd7 14. Be5 O-O 15. e4 Bd6 16. O-O-O Bxe5 17. dxe5 Na6 18. exd5 cxd5 19. Nxd5 Nxd5 20. Qxg6 Nc5 21.
f4 Nxf4 22. Rxd7 Nxg6 23. Rd6 Nf4 24. Bf1 a5 25. Bc4 Rae8 26. a3 Ne4 27. Rhd1 Nxd6 28. exd6 Kh7 0-1

[Event "Late-Titled-Tuesday-Blitz-April-02-2024"]
[Site "Chess.com"]
[Date "2024.04.02"]
[Round "7"]
[White "Sesleria"]
[Black "Veganator13"]
[Result "0-1"]
[WhiteElo "2153"]
[BlackElo "2288"]
[TimeControl "180+1"]
[EndTime "15:14:52 PDT"]
[Termination "Veganator13 won on time"]

1. c4 g6 2. Nc3 Bg7 3. e4 c5 4. Nf3 Nc6 5. g3 a6 6. Bg2 b5 7. cxb5 axb5 8. Nxb5 Ba6 9. Nc3 Nb4 10. Bf1 Nd3+ 11.
Bxd3 Bxd3 12. Ng1 h5 13. Qf3 c4 14. Nge2 h4 15. Nf4 Bc2 16. O-O e6 17. d3 g5 18.
Nfd5 exd5 19. Nxd5 Bxd3 20. Re1 hxg3 21. fxg3 Ra6 22. e5 Re6 23. b3 Bxe5 24. Rxe5 Rxe5 25. Bb2 d6 26. Bxe5 dxe5 27. bxc4 e4 28. Qf5 Qd7 29. Qe5+ Kf8 30. Qxh8 Bxc4 31. Ne3 Be6 32.
Re1 Qd2 0-1

[Event "Late-Titled-Tuesday-Blitz-April-02-2024"]
[Site "Chess.com"]
[Date "2024.04.02"]
[Round "7"]
[White "steepedgames"]
[Black "jinxy2009"]
[Result "0-1"]
[WhiteElo "2512"]
[BlackElo "2307"]
[TimeControl "180+1"]
[EndTime "15:14:53 PDT"]
[Termination "jinxy2009 won by checkmate"]

1. d4 Nf6 2. Bg5 d5 3. Bxf6 exf6 4. c4 dxc4 5. Nc3 Bd6 6. e3 O-O 7. Bxc4 f5 8. Nge2 c6 9. g3 Nd7 10. Nf4 Nf6 11. h4 Re8 12. Qf3 a5 13. h5 a4 14.
a3 Bd7 15. h6 g6 16. O-O-O b5 17. Ba2 b4 18. axb4 a3 19. b3 Bxb4 20. Na4 Ne4 21.
Ne2 Qc7 22. Kb1 c5 23. Nxc5 Nxc5 24. dxc5 Bc6 25. Qf4 Be4+ 26. Ka1 Qxc5 27. Rc1 Bc2 28.
Bb1 Bc3+ 29. Ka2 Bxb3+ 30. Kxb3 Rab8+ 31. Kc2 Rb2+ 32. Kd3 Rd2# 0-1

[Event "Late-Titled-Tuesday-Blitz-April-02-2024"]
[Site "Chess.com"]
[Date "2024.04.02"]
[Round "7"]
[White "PapaieDudu"]
[Black "martinez_95"]
[Result "1-0"]
[WhiteElo "2388"]
[BlackElo "2158"]
[TimeControl "180+1"]
[EndTime "15:14:57 PDT"]
[Termination "PapaieDudu won on time"]

1. Nf3 Nc6 2. d4 d5 3. c4 e5 4.
c5 exd4 5. e3 Bxc5 6. exd4 Bb4+ 7. Nc3 Nf6 8. Bd3 O-O 9. O-O Bg4 10. a3 Ba5 11. Be3 Re8 12. h3 Bh5 13. Rc1 Bg6 14. Bb5 Ne4 15. Na4 Ng3 16. Bxc6 bxc6 17. Ne5 Nxf1 18. Qxf1 Bb6 19. Nxc6 Qh4 20. Nc3 Be4 21. f3 Bf5 22. Bf2 Qg5 23. h4 Qd2 24. Nxd5 Kh8 25. Nxb6 axb6 26. Ne5 Qxb2 27. Nxf7+ Kg8 28. Qc4 Be6 29.
d5 Bxf7 30. Bd4 Qe2 31. Qxc7 Qd2 32. Rc4 Re1+ 33. Kh2 1-0

[Event "Late-Titled-Tuesday-Blitz-April-02-2024"]
[Site "Chess.com"]
[Date "2024.04.02"]
[Round "7"]
[White "GMAkobianSTL"]
[Black "Hrant_ChessMood"]
[Result "1-0"]
[WhiteElo "2794"]
[BlackElo "2927"]
[TimeControl "180+1"]
[EndTime "15:14:58 PDT"]
[Termination "GMAkobianSTL won by resignation"]

1. d4 Nf6 2. c4 g6 3. Nc3 Bg7 4.
e4 d6 5. h3 e5 6. d5 Na6 7. Bd3 Nc5 8. Bc2 a5 9. Bg5 h5 10. Qd2 Bd7 11. O-O-O Qe7 12. f4 exf4 13. Nf3 Qf8 14. e5 dxe5 15. Nxe5 O-O-O 16. Bxf4 Re8 17. Rhe1 h4 18. Nxd7 Nfxd7 19. Nb5 Rxe1 20. Rxe1 Na6 21. Qxa5 Bh6 22. Qd2 Bxf4 23. Qxf4 Qc5 24. a3 f5 25. b4 Qf8 26. Re6 Rg8 27. Rxa6 1-0

[Event "Late-Titled-Tuesday-Blitz-April-02-2024"]
[Site "Chess.com"]
[Date "2024.04.02"]
[Round "7"]
[White "cthulhuuu"]
[Black "Zavgorodniy_Sergiy"]
[Result "0-1"]
[WhiteElo "2466"]
[BlackElo "2644"]
[TimeControl "180+1"]
[EndTime "15:15:00 PDT"]
[Termination "Zavgorodniy_Sergiy won by resignation"]

1. e4 c6 2. d3 d5 3. Nd2 e5 4.
Ngf3 Bd6 5. d4 exd4 6. exd5 Nf6 7. dxc6 Nxc6 8. Nb3 O-O 9. Be2 Re8 10. O-O Bg4 11. h3 Bh5 12. Nfxd4 Bxe2 13. Nxe2 Qe7 14. Ned4 Nxd4 15.
Nxd4 Bc7 16. c3 Rad8 17. Qb3 Qe5 18. Nf3 Qh5 19. Qxb7 Bb6 20. Bg5 Rb8 21. Qa6 Ne4 22. Be3 Bxe3 23. fxe3 Rxb2 24. Qa4 Rbb8 25. Qxa7 Nxc3 26.
Kh2 Qd5 27. Qd4 Qa5 28. Qd2 Qc7+ 29. Kh1 Ne4 30. Qc1 Ng3+ 31. Kg1 Ne2+ 32. Kf2 Nxc1 33. Raxc1 Qa5 34. Kg1 Qxa2 35. Ng5 f6 0-1

[Event "Late-Titled-Tuesday-Blitz-April-02-2024"]
[Site "Chess.com"]
[Date "2024.04.02"]
[Round "7"]
[White "manitodeplomo"]
[Black "KVAIDAN"]
[Result "1-0"]
[WhiteElo "2632"]
[BlackElo "2332"]
[TimeControl "180+1"]
[EndTime "15:15:01 PDT"]
[Termination "manitodeplomo won by resignation"]

1. d4 e6 2. c4 f5 3. Nc3 Nf6 4.
e3 Bb4 5. Ne2 b6 6. a3 Bxc3+ 7.
Nxc3 Bb7 8. f3 O-O 9. Bd3 d6 10.
O-O Nbd7 11. Bd2 Qe8 12. Qc2 c5 13. Rad1 Rc8 14. Nb5 Qe7 15. Nxa7 Ra8 16. Nb5 Rfc8 17.
Rfe1 cxd4 18. exd4 d5 19. Bb4 Qd8 20. Nd6 dxc4 21.
Bxc4 Bd5 22. Qe2 Rxc4 23. Nxc4 Nh5 24. Ne3 Nf4 25. Qd2 Bb7 26. Nxf5 Qg5 27. Ng3 Nf6 28.
Bd6 N6d5 29. Bxf4 Nxf4 30. Re5 Qh6 31. Nh5 Rd8 32. Qxf4 Qg6 33. Qg4 Qf7 34. Qxe6 Qxe6 35. Rxe6 Rd5 36. Nf4 Rf5 37. Ne2 Bd5 38. Re5 1-0

[Event "Late-Titled-Tuesday-Blitz-April-02-2024"]
[Site "Chess.com"]
[Date "2024.04.02"]
[Round "7"]
[White "vladgoncharov"]
[Black "AsaHoffmann"]
[Result "1-0"]
[WhiteElo "2568"]
[BlackElo "2414"]
[TimeControl "180+1"]
[EndTime "15:15:01 PDT"]
[Termination "vladgoncharov won by resignation"]

1. d4 Nf6 2. c4 c5 3. d5 e5 4. Nc3 d6 5. h3 Be7 6. Nf3 O-O 7. g4 Ne8 8. e4 Na6 9. Bd3 Nac7 10.
Be3 a6 11. a3 Rb8 12. b4 b6 13.
Rb1 Bd7 14. Bc2 h6 15. bxc5 bxc5 16. Rxb8 Qxb8 17. Ba4 Bxa4 18. Nxa4 Bd8 19. O-O Nf6 20. Qc2 Nce8 21. Rb1 Qc8 22. Nh2 Qd7 23. f3 Nh7 24.
Kg2 Bg5 25. Bf2 Bf4 26. Nf1 Qe7 27. Rb6 g6 28. Rxa6 f5 29. Nc3 fxg4 30. fxg4 Qf7 31. Nb5 Qf6 32. Qe2 Ng5 33. Bxc5 dxc5 34. Rxf6 Nxf6 35.
Nc3 Rb8 36. Qc2 h5 37. gxh5 Nxh5 38. Nd2 Bxd2 39. Qxd2 Nf4+ 40. Kg3 Ngxh3 41. d6 Rb3 42. d7 Rxc3+ 43. Qxc3 Ne2+ 44. Kxh3 Nxc3 45. d8=Q+ Kf7 46. Qc7+ Kf6 47. Qd6+ Kg5 48. Qxe5+ Kh6 49. Qxc3 1-0

[Event "Late-Titled-Tuesday-Blitz-April-02-2024"]
[Site "Chess.com"]
[Date "2024.04.02"]
[Round "7"]
[White "lcmil"]
[Black "sorch29"]
[Result "1-0"]
[WhiteElo "2285"]
[BlackElo "2417"]
[TimeControl "180+1"]
[EndTime "15:15:01 PDT"]
[Termination "lcmil won on time"]

1. e4 c5 2. Nf3 d6 3. d4 cxd4 4.
Nxd4 Nf6 5. Nc3 Nc6 6. Nde2 g6 7.
g3 Bg7 8. Bg2 O-O 9. O-O Be6 10.
h3 Rc8 11. Be3 Qa5 12. a3 a6 13. b4 Qd8 14. Nf4 Bc4 15. Re1 Nd7 16. Qd2 Nce5 17. Rad1 Be6 18. Nxe6 fxe6 19. Bd4 Nf3+ 20. Bxf3 Rxf3 21. Re3 Rxe3 22. Qxe3 e5 23. Ba7 b6 24.
Nd5 Rc6 25. c4 e6 26. b5 Rxc4 27. Nxb6 Nxb6 28. Bxb6 Qc8 29. Rxd6 Bf6 30. bxa6 Qxa6 31. Rxe6 Kf7 32. Rd6 Qb7 33. Qb3 1-0

[Event "Late-Titled-Tuesday-Blitz-April-02-2024"]
[Site "Chess.com"]
[Date "2024.04.02"]
[Round "7"]
[White "APOKALIPSA13"]
[Black "DinaBelenkaya"]
[Result "0-1"]
[WhiteElo "2291"]
[BlackElo "2460"]
[TimeControl "180+1"]
[EndTime "15:15:02 PDT"]
[Termination "DinaBelenkaya won on time"]

1. e4 c6 2. d4 d5 3. e5 Bf5 4. Be3 e6 5. Nd2 Qb6 6. Bd3 Bxd3 7. cxd3 Ne7 8. g4 h5 9. f3 hxg4 10. fxg4 Ng6 11. Ngf3 Be7 12. O-O Nd7 13. Qe1 O-O-O 14.
a3 Rh3 15. b4 Rdh8 16. Rf2 Nh4 17. Ng5 Bxg5 18. Bxg5 Qxd4 19. b5 Qxg4+ 20. Kf1 Qxg5 21.
bxc6 bxc6 22. Rc1 Nxe5 23. Qd1 Nhf3 24. Nxf3 Rxf3 25. Rxc6+ Nxc6 26. Qxf3 Qc1+ 27. Kg2 Qg5+ 28. Kh1 Ne5 29. Qd1 Qe3 30. Qc2+ Kd8 31. Rg2 Nf3 0-1

[Event "Late-Titled-Tuesday-Blitz-April-02-2024"]
[Site "Chess.com"]
[Date "2024.04.02"]
[Round "7"]
[White "Savagelittlemole"]
[Black "Duhless"]
[Result "0-1"]
[WhiteElo "2498"]
[BlackElo "3092"]
[TimeControl "180+1"]
[EndTime "15:15:03 PDT"]
[Termination "Duhless won on time"]

1. e4 Nf6 2. Nc3 e5 3. Nf3 Nc6 4. Bb5 Bc5 5. O-O O-O 6. h3 Nd4 7. Bc4 c6 8. a4 d5 9. exd5 cxd5 10. Ba2 Nxf3+ 11. Qxf3 e4 12. Qg3 d4 13. Ne2 d3 14.
cxd3 exd3 15. Nf4 Bf5 16. Bc4 Bd6 17. Qh4 Be5 18. Qg5 g6 19. Nxd3 Bh2+ 20. Kxh2 Ng4+ 21. hxg4 Qxg5 22. gxf5 Qh4+ 23. Kg1 Qxc4 24. Ra3 Rfe8 25. f6 Rad8 26. Rc3 Qxa4 27. Nc5 Qc6 28. d3 Qxf6 29. Ne4 Qf5 30. Be3 Rxe4 31. dxe4 Qxe4 32. Bxa7 Qb4 33. Be3 Qxb2 0-1

[Event "Late-Titled-Tuesday-Blitz-April-02-2024"]
[Site "Chess.com"]
[Date "2024.04.02"]
[Round "7"]
[White "azikom"]
[Black "The_Straightforward_Rook"]
[Result "1-0"]
[WhiteElo "2654"]
[BlackElo "2362"]
[TimeControl "180+1"]
[EndTime "15:15:03 PDT"]
[Termination "azikom won by resignation"]

1. e4 c6 2. Nc3 d5 3. Nf3 dxe4 4. Nxe4 Nf6 5. Ng3 h5 6. h3 h4 7. Ne2 Bf5 8. Ned4 e6 9. Nxf5 exf5 10. Bc4 Bd6 11.
O-O Kf8 12. Re1 Nbd7 13. d3 Qc7 14. a4 g6 15. Bg5 Kg7 16. Bxh4 Ne5 17. Bg5 Rh5 18.
Bd2 Rah8 19. Bc3 Neg4 20. Qe2 Rxh3 21. gxh3 Rxh3 22. Kg2 Rh5 23. Rh1 Kh7 24. Ng5+ Kg8 25. Nxf7 Kf8 26. Rae1 Rxh1 27. Rxh1 Nh5 28. Rxh5 gxh5 29.
Qe6 Be7 30. Ne5 1-0

[Event "Late-Titled-Tuesday-Blitz-April-02-2024"]
[Site "Chess.com"]
[Date "2024.04.02"]
[Round "7"]
[White "CURRUTACO59"]
[Black "rdarruda"]
[Result "0-1"]
[WhiteElo "2253"]
[BlackElo "2476"]
[TimeControl "180+1"]
[EndTime "15:15:04 PDT"]
[Termination "rdarruda won on time"]

1. Nf3 d5 2. d4 Nf6 3. c4 c6 4. e3 g6 5. Nbd2 Bg7 6. Bd3 O-O 7. O-O b6 8. b3 Bb7 9. Bb2 Nbd7 10. Qe2 e6 11. Rfd1 c5 12. cxd5 Nxd5 13. a3 Qe7 14. Ba6 Bc6 15. Bb5 Bb7 16. Rac1 a6 17. Bxd7 Qxd7 18. Nc4 cxd4 19. Bxd4 Bxd4 20. Rxd4 Qe7 21.
e4 Nf4 22. Qe3 Nh5 23. Nxb6 Rad8 24. b4 e5 25. Rxd8 Rxd8 26. g3 Nf6 27. Nd2 Qd6 28. Nbc4 Qd3 29. Qxd3 Rxd3 30. f3 Nd7 31. Kf2 Bc6 32.
Ke2 Rd4 33. Na5 Bb5+ 34. Ke1 Rd3 35. Nab3 Re3+ 36. Kd1 Ba4 37. Rc8+ Kg7 38. Kc1 Bxb3 39. Rc7 Nf6 0-1

[Event "Late-Titled-Tuesday-Blitz-April-02-2024"]
[Site "Chess.com"]
[Date "2024.04.02"]
[Round "7"]
[White "sergiochess83"]
[Black "temus_galaktionov"]
[Result "1/2-1/2"]
[WhiteElo "2967"]
[BlackElo "2863"]
[TimeControl "180+1"]
[EndTime "15:15:05 PDT"]
[Termination "Game drawn by repetition"]

1. d4 c6 2. Nf3 g6 3. e4 d6 4. h3 Bg7 5. Bd3 Nd7 6. O-O e5 7. c3 Ngf6 8. Re1 O-O 9. Nbd2 Qc7 10. Nf1 b6 11. Ng3 Bb7 12. Bg5 h6 13. Be3 Rfe8 14.
Qd2 Kh7 15. Rad1 Rad8 16. Qc1 d5 17. dxe5 Nxe4 18. Nxe4 dxe4 19. Bxe4 Nxe5 20. Nxe5 Rxd1 21. Rxd1 Qxe5 22. Bf3 Qe7 23. Qd2 c5 24. Bxb7 Qxb7 25.
Qd5 Qe7 26. a4 Bf6 27. Qc6 Rd8 28. Rxd8 Qxd8 29. g3 Kg7 30. Kg2 Bg5 31. Bxg5 hxg5 32.
a5 Qf6 33. Qc7 Qe6 34. Qxa7 Qe4+ 35. Kg1 Qe1+ 36. Kg2 Qe4+ 37. Kg1 Qe1+ 38. Kg2 Qe4+ 1/2-1/2

[Event "Late-Titled-Tuesday-Blitz-April-02-2024"]
[Site "Chess.com"]
[Date "2024.04.02"]
[Round "7"]
[White "Msb2"]
[Black "vladislavkovalev"]
[Result "1-0"]
[WhiteElo "3044"]
[BlackElo "2879"]
[TimeControl "180+1"]
[EndTime "15:15:07 PDT"]
[Termination "Msb2 won on time"]

1. d4 Nf6 2. c4 e6 3. Nc3 Bb4 4. e3 O-O 5. Bd2 b6 6. Nf3 Bb7 7. Bd3 Bxc3 8. Bxc3 Ne4 9. Bxe4 Bxe4 10. d5 f6 11. Nh4 Qe8 12. f3 Bg6 13. Nxg6 Qxg6 14.
O-O Qf7 15. e4 d6 16. b4 Nd7 17. Qb3 e5 18. f4 exf4 19. Rxf4 Rfe8 20. Raf1 Qg6 21.
Qa4 Ne5 22. Bxe5 Rxe5 23. Qc6 Rae8 24. Qxc7 Rxe4 25. Qxd6 Re2 26. R4f2 Rxf2 27. Rxf2 Qg4 28. h3 Qxc4 29. Kh2 Qd4 30. Rc2 Qe5+ 31. Qxe5 Rxe5 32.
Rc8+ Kf7 33. Rc7+ Kg6 34. d6 Rd5 35. d7 a5 36. b5 h5 37. a4 Kf5 38. Rb7 Rxd7 39. Rxd7 1-0

[Event "Late-Titled-Tuesday-Blitz-April-02-2024"]
[Site "Chess.com"]
[Date "2024.04.02"]
[Round "7"]
[White "giomar27"]
[Black "Oleg_Papayan"]
[Result "1-0"]
[WhiteElo "2505"]
[BlackElo "2689"]
[TimeControl "180+1"]
[EndTime "15:15:07 PDT"]
[Termination "giomar27 won by resignation"]

1. d4 d5 2. Nc3 Nf6 3. Bf4 a6 4. e3 e6 5. g4 c5 6. g5 Nfd7 7. Nf3 b5 8. h4 Nc6 9. h5 b4 10. Ne2 c4 11. Bh3 Nb6 12. Kf1 Bd6 13. c3 a5 14. Kg2 Bb7 15. g6 h6 16. gxf7+ Kxf7 17. Qb1 Bc8 18. Qg6+ Kf8 19. Bxe6 Ra7 20. Rh4 Bxe6 21.
Qxe6 Nc8 22. Bxd6+ Nxd6 23. Rf4+ Rf7 24. Nh4 Ne7 25. Rxf7+ Nxf7 26. Nf4 Kg8 27. Nhg6 Nxg6 28. hxg6 Qg5+ 29. Kh3 Qf6 30. Qxf7+ Qxf7 31. gxf7+ Kxf7 32. Nxd5 Rb8 33. cxb4 axb4 34. Rc1 Rc8 35. Nxb4 h5 36. Nd5 g5 37. Kg2 Ke6 38. Nc3 Kf5 39. Rh1 h4 40.
f3 Rb8 41. Rb1 Rb7 42. e4+ Kf4 43. Kf2 Rxb2+ 44. Rxb2 g4 45. Ne2+ Kg5 46. f4+ Kf6 47.
Rb6+ Ke7 48. Rh6 c3 49. Nxc3 g3+ 50. Kf3 h3 51. Rxh3 Kf7 1-0

[Event "Late-Titled-Tuesday-Blitz-April-02-2024"]
[Site "Chess.com"]
[Date "2024.04.02"]
[Round "7"]
[White "GlavkonVVS"]
[Black "lilylg"]
[Result "1-0"]
[WhiteElo "2618"]
[BlackElo "2239"]
[TimeControl "180+1"]
[EndTime "15:15:10 PDT"]
[Termination "GlavkonVVS won on time"]

1. Nf3 d5 2. c4 e6 3. d4 c6 4. Nc3 dxc4 5. a4 Bb4 6. e3 b5 7. Nd2 a5 8. axb5 Bxc3 9. bxc3 cxb5 10. Rb1 Bd7 11. Qg4 Qf6 12. Ba3 Qg6 13. Qf4 Nc6 14.
Rxb5 e5 15. dxe5 Nb4 16. Bxc4 Nc2+ 17. Ke2 Nxa3 18. Bd3 Bxb5 19. c4 Qe6 20. cxb5 Ne7 21. Ra1 Nd5 22. Qd4 Rd8 23. Rxa3 Nb4 24. Qe4 O-O 25. Bc4 Qb6 26. e6 fxe6 27. Qxe6+ Qxe6 28. Bxe6+ Kh8 29. Rxa5 Rd6 30. Bg4 Nd3 31. Ne4 1-0

[Event "Late-Titled-Tuesday-Blitz-April-02-2024"]
[Site "Chess.com"]
[Date "2024.04.02"]
[Round "7"]
[White "Jahonas"]
[Black "Cluke86"]
[Result "1-0"]
[WhiteElo "2506"]
[BlackElo "2331"]
[TimeControl "180+1"]
[EndTime "15:15:11 PDT"]
[Termination "Jahonas won by resignation"]

1. e4 d6 2. Nf3 e5 3. Nc3 Nf6 4. h3 Be7 5. d4 Nbd7 6. Bc4 c6 7.
Bb3 Qc7 8. O-O h6 9. Be3 g5 10. dxe5 dxe5 11. Nh2 Nf8 12. Kh1 Ng6 13. a4 Nf4 14. f3 h5 15. Qe1 Bd7 16. a5 Qc8 17. Qf2 g4 18. Bxf4 exf4 19. fxg4 hxg4 20. Qxf4 gxh3 21.
g4 Be6 22. e5 Nd5 23. Nxd5 cxd5 24. Rad1 Qc6 25. Ba4 O-O-O 26. Bxc6 bxc6 27. Nf3 Rdg8 28. Rg1 Bc5 29. Nd4 Rh4 30. Nxe6 fxe6 31. Qf7 Rgh8 32.
Qxe6+ Kb7 33. Rgf1 h2 34. Rf7+ Kb8 35. Qxc6 1-0

[Event "Late-Titled-Tuesday-Blitz-April-02-2024"]
[Site "Chess.com"]
[Date "2024.04.02"]
[Round "7"]
[White "Felix-Rose"]
[Black "N_Mullodzhanov"]
[Result "0-1"]
[WhiteElo "2317"]
[BlackElo "2543"]
[TimeControl "180+1"]
[EndTime "15:15:12 PDT"]
[Termination "N_Mullodzhanov won by checkmate"]

1. e4 c6 2. d4 d5 3. e5 Bf5 4. h4 h6 5. g4 Be4 6. f3 Bh7 7. e6 Qd6 8. exf7+ Kxf7 9. Ne2 Nd7 10. Bf4 Qb4+ 11. Nd2 Qxb2 12. Rb1 Qxc2 13. Qxc2 Bxc2 14.
Rxb7 Ke8 15. Nc3 e6 16. Ba6 Bh7 17. O-O Be7 18. Re1 Nf8 19. Rc7 Bxh4 20. Re2 Ne7 21. Bb7 Rd8 22. Nb3 Rd7 23. Nc5 Rxc7 24. Bxc7 h5 25.
Bxc6+ Nxc6 26. Nxe6 Nxe6 27. Rxe6+ Kd7 28. Rd6+ Kxc7 29. Rxd5 Bf6 30. Nb5+ Kb6 31. a4 hxg4 32. Rd6 Be7 33. Re6 gxf3 34. d5 Bc5+ 35. Kf1 Bd3+ 36. Ke1 Bb4+ 37. Kd1 Bxb5 38. axb5 Kxb5 39. Rxc6 Rh1+ 40.
Kc2 f2 41. Rf6 gxf6 42. d6 f1=Q 43. d7 Qb1# 0-1

[Event "Late-Titled-Tuesday-Blitz-April-02-2024"]
[Site "Chess.com"]
[Date "2024.04.02"]
[Round "7"]
[White "Yushko_Olga"]
[Black "protectiago"]
[Result "1-0"]
[WhiteElo "2237"]
[BlackElo "2060"]
[TimeControl "180+1"]
[EndTime "15:15:17 PDT"]
[Termination "Yushko_Olga won on time"]

1. d4 Nf6 2. c4 c5 3. d5 g6 4. Nc3 e6 5. e4 exd5 6. exd5 d6 7. Bd3 a6 8. Nf3 Bg4 9. O-O Nbd7 10. h3 Bxf3 11.
Qxf3 Bg7 12. Bf4 Ne5 13. Bxe5 dxe5 14. Rfe1 O-O 15. Rxe5 b5 16. cxb5 axb5 17. Nxb5 Nd7 18. Re2 Ne5 19. Qg3 c4 20. Be4 Rb8 21. Nc3 h5 22.
Bf3 Nd3 23. Ne4 Bxb2 24. Rd1 Bg7 25. d6 Ne5 26. Ng5 Nxf3+ 27. Nxf3 c3 28. Ne1 Rb2 29. Rxb2 cxb2 30. Qb3 Qa5 31. Nd3 Ra8 32. Nxb2 Qxa2 33. Qxa2 Rxa2 34. d7 Bf6 35. d8=Q+ Bxd8 36. Rxd8+ Kg7 37.
Nc4 h4 38. Ne3 g5 39. Rd5 f6 40. Rd6 Ra1+ 41. Kh2 Ra2 42. Ng4 f5 43. Rd7+ Kg6 44.
Ne5+ Kf6 45. Nd3 Rd2 46. Kg1 Rd1+ 47. Kh2 1-0

[Event "Late-Titled-Tuesday-Blitz-April-02-2024"]
[Site "Chess.com"]
[Date "2024.04.02"]
[Round "7"]
[White "TigrVShlyape"]
[Black "Zkid"]
[Result "1-0"]
[WhiteElo "2952"]
[BlackElo "2838"]
[TimeControl "180+1"]
[EndTime "15:15:18 PDT"]
[Termination "TigrVShlyape won by resignation"]

1. e4 c5 2. Nf3 d6 3. d4 cxd4 4. Nxd4 Nf6 5. Nc3 Nc6 6. Be2 g6 7. O-O Bg7 8. Be3 O-O 9. Qd2 a6 10. a4 Ng4 11. Bxg4 Bxg4 12. f3 Bd7 13. Nd5 e6 14.
Nxc6 bxc6 15. Nb6 Rb8 16. a5 d5 17. c3 Bc8 18. Rad1 Re8 19. b4 Qe7 20. Kh1 dxe4 21. fxe4 e5 22. Qe2 Qb7 23. Nxc8 Rbxc8 24. Qc4 Re7 25.
Bc5 Re6 26. Bb6 Bf8 27. Rd3 c5 28. Qd5 Qc6 29. Rdf3 Qxd5 30. exd5 Rd6 31. Rxf7 cxb4 32. Rxf8+ Rxf8 33. Rxf8+ Kxf8 34. Bc5 Ke7 35. Bxb4 1-0

[Event "Late-Titled-Tuesday-Blitz-April-02-2024"]
[Site "Chess.com"]
[Date "2024.04.02"]
[Round "7"]
[White "Doublekk14"]
[Black "prochn"]
[Result "0-1"]
[WhiteElo "2355"]
[BlackElo "2513"]
[TimeControl "180+1"]
[EndTime "15:15:18 PDT"]
[Termination "prochn won on time"]

1. c4 c6 2. e4 d5 3. exd5 cxd5 4. d4 Nf6 5. Nf3 Nc6 6. Nc3 Bg4 7. c5 Bxf3 8. gxf3 g6 9. Be3 Bg7 10. f4 O-O 11. Bg2 b6 12. cxb6 axb6 13. O-O e6 14. a3 Na5 15. b3 h5 16. h3 Ne8 17. Na4 Nd6 18. Qd3 b5 19. Nc5 Qh4 20. Rfd1 Rfc8 21. Qd2 Nf5 22. Rab1 Nc6 23. Nd7 Ncxd4 24.
Nb6 Rc2 25. Qd3 Rxa3 26. Nd7 Nxe3 27. fxe3 Qf2+ 0-1

[Event "Late-Titled-Tuesday-Blitz-April-02-2024"]
[Site "Chess.com"]
[Date "2024.04.02"]
[Round "7"]
[White "Kostukov_Alex"]
[Black "Manukyan_Artak"]
[Result "0-1"]
[WhiteElo "2284"]
[BlackElo "2511"]
[TimeControl "180+1"]
[EndTime "15:15:19 PDT"]
[Termination "Manukyan_Artak won on time"]

1. g3 e5 2. c4 h5 3. h4 Nh6 4. Bg2 Nf5 5. Nc3 Nc6 6. Nf3 d6 7. d3 Be7 8. Nd5 Be6 9. Nxe7 Qxe7 10. Ng5 Bd7 11. b3 f6 12. Ne4 O-O-O 13. Rb1 Rdg8 14.
b4 Nd8 15. b5 g5 16. hxg5 fxg5 17. b6 axb6 18. a4 Nc6 19. Bd2 h4 20. g4 Nfd4 21.
e3 Ne6 22. a5 Nxa5 23. Bxa5 bxa5 24. Qb3 Bc6 25. Qa3 a4 26. Qb4 Nc5 27. Nxc5 dxc5 0-1

[Event "Late-Titled-Tuesday-Blitz-April-02-2024"]
[Site "Chess.com"]
[Date "2024.04.02"]
[Round "7"]
[White "burritus"]
[Black "JaackCamel"]
[Result "1-0"]
[WhiteElo "2436"]
[BlackElo "2209"]
[TimeControl "180+1"]
[EndTime "15:15:21 PDT"]
[Termination "burritus won by resignation"]

1. e4 e6 2. d4 d5 3. exd5 exd5 4. Nf3 Nf6 5. c4 Be7 6. Nc3 O-O 7. cxd5 Nxd5 8.
Bc4 Nb6 9. Bb3 Bg4 10. O-O N8d7 11. h3 Bh5 12. Re1 Nf6 13. Qd3 Bg6 14. Qe2 Re8 15. Be3 c6 16. Ne5 Nbd5 17. Rad1 Bf5 18. Qf3 Be6 19. Bg5 Rf8 20. Bc2 h6 21. Bc1 a5 22.
Ng6 Re8 23. Ne5 Bf8 24. Qg3 Kh8 25. a3 Nxc3 26. bxc3 a4 27. Rd3 Bf5 28. Nxf7+ Kg8 29. Nxh6+ Kh7 30. Rxe8 Qxe8 31. Nxf5 Qe1+ 32. Kh2 Qxc1 33.
Qh4+ Kg8 34. Rg3 Qxc2 35. Nh6+ Kh7 36. Ng4+ Kg6 37. Ne3+ Kf7 38. Nxc2 1-0

[Event "Late-Titled-Tuesday-Blitz-April-02-2024"]
[Site "Chess.com"]
[Date "2024.04.02"]
[Round "7"]
[White "dennisodessa"]
[Black "OlaaLa"]
[Result "0-1"]
[WhiteElo "2546"]
[BlackElo "2390"]
[TimeControl "180+1"]
[EndTime "15:15:21 PDT"]
[Termination "OlaaLa won by resignation"]

1. d4 g6 2. c4 f5 3. e4 fxe4 4. f3 d5 5. fxe4 dxe4 6. Nc3 Bg7 7. Be3 Nc6 8. d5 Ne5 9. Nxe4 Bf5 10. Ng3 Qd7 11. Nxf5 Qxf5 12. Nf3 Qe4 13. Qb3 Bh6 14. Kd2 Nxf3+ 15. gxf3 Qxf3 16. Bxh6 Qxb3 17. axb3 Nxh6 18.
Bh3 O-O 19. Rae1 Rf3 20. Be6+ Kh8 21. Bd7 Ng8 22. Rhf1 Raf8 23. Rxf3 Rxf3 24. Ra1 a6 25. Bc8 Rxb3 26. Kc2 Rb6 27. Kc3 Nf6 28. b4 Ne4+ 29. Kd4 Nd6 30. c5 Rxb4+ 31. Kc3 Rc4+ 32. Kd3 Rxc5 33.
Be6 a5 34. Rf1 Kg7 35. h4 h5 36. Rb1 b6 37. Re1 a4 0-1

[Event "Late-Titled-Tuesday-Blitz-April-02-2024"]
[Site "Chess.com"]
[Date "2024.04.02"]
[Round "7"]
[White "youngdinousaur"]
[Black "shirovin"]
[Result "1-0"]
[WhiteElo "2233"]
[BlackElo "2057"]
[TimeControl "180+1"]
[EndTime "15:15:23 PDT"]
[Termination "youngdinousaur won on time"]

1. d4 Nf6 2. Nf3 e6 3. Bf4 d5 4.
e3 c5 5. c3 Nc6 6. Bd3 Qb6 7. Qb3 c4 8. Qxb6 axb6 9. Bc2 Be7 10.
Nbd2 O-O 11. a3 Bd7 12. O-O Rfd8 13. Rfe1 Rdc8 14. e4 Be8 15. h3 Bf8 16. Re2 b5 17. Rae1 h6 18. exd5 Nxd5 19. Bh2 Nb6 20. Ne5 Nxe5 21.
Bxe5 Na4 22. Bxa4 bxa4 23. Bg3 Ra6 24. d5 Bd7 25. dxe6 Bxe6 26. Nf3 Rb6 27. Nd4 Bd5 28.
Rd2 Bc5 29. Re5 Bxd4 30. Rxd5 Bc5 31. Kf1 Bf8 32. Rd8 Rbc6 33. f3 f6 34. R2d7 Rxd8 35. Rxd8 Rb6 36. Rd2 Kf7 37. Bf2 Rb5 38. g4 Bc5 39. Bxc5 Rxc5 40. Rd7+ Kg6 41. Rxb7 Rd5 42. Ke2 Rc5 43. Rb4 h5 44. Rxa4 1-0

[Event "Late-Titled-Tuesday-Blitz-April-02-2024"]
[Site "Chess.com"]
[Date "2024.04.02"]
[Round "7"]
[White "Evgeny81"]
[Black "albi1999"]
[Result "1-0"]
[WhiteElo "2759"]
[BlackElo "2608"]
[TimeControl "180+1"]
[EndTime "15:15:24 PDT"]
[Termination "Evgeny81 won on time"]

1. e4 c5 2. Nf3 a6 3. c3 d5 4. exd5 Nf6 5. d4 cxd4 6. Nxd4 Qxd5 7. c4 Qe4+ 8. Be3 Ng4 9. Nc3 Nxe3 10. Nxe4 Nxd1 11. Rxd1 e5 12. Nc2 Nc6 13. Be2 Be6 14. Ng5 Bf5 15. Ne3 Bb4+ 16. Kf1 Bg6 17. Nd5 O-O 18. h4 h6 19. h5 Bc2 20. Rc1 Bf5 21.
g4 Bd7 22. Ne4 f5 23. gxf5 Bxf5 24. Bd3 Kh8 25. Rg1 Bh3+ 26. Ke2 Nd4+ 27. Kd1 Ba5 28. Ne7 Rf7 29. Ng6+ Kg8 30. Nxe5 Re7 31. Ng6 Ree8 32.
Nf4 Bf5 33. Nf6+ Kf8 34. Nxe8 Rxe8 35. Bxf5 Nxf5 36. Kc2 Re4 37. Ng6+ Kf7 38. Kb1 Bb6 39. Rge1 Rg4 40. Ne5+ 1-0